AoeStats
← LMB. LouisLitt

Arabia

510002097Analyzed
2v2 RM · 5d ago on Sep 29, 2026· 40m 19s· 4 players
Game mode
Random Map
Map size
Medium (4 player)
Population
200
Speed
Normal
Resources
Standard
Victory
Conquest
Starting age
Dark Age
Ending age
Imperial Age
RankedLock teamsTeams togetherTeam positionsShared explorationLock speedFull tech treeHidden civsTurbo modeCheats
Victory
Defeat
🇩🇪 Lithuanians · Germany
1259
+15
🇻🇪 Saracens · Venezuela
1216
+17
🇨🇦 Ethiopians · Canada
1254
-17
🇨🇦 Varangians · Canada
1212
-15
Oriver
11:43 Feudal Age
10:53 Loom
16:19 Castle Age
14:34 Double-Bit Axe
14:35 Horse Collar
19:27 Bloodlines
22:30 Bow Saw
23:52 Wheelbarrow
25:54 Scale Barding Armor
27:04 Chain Barding Armor
26:55 Forging
28:46 Husbandry
29:44 Iron Casting
29:31 Gold Mining
36:09 Imperial Age
36:13 Cavalier
37:32 Plate Barding Armor
37:51 Paladin
38:40 Stone Mining
_DLAGON_
7:32 Loom
10:09 Feudal Age
11:23 Double-Bit Axe
15:31 Fletching
16:53 Padded Archer Armor
20:41 Town Watch
23:32 Castle Age
22:23 Horse Collar
24:10 Bodkin Arrow
23:37 Elite Skirmisher
23:58 Crossbowman
24:07 Crossbowman
27:32 Leather Archer Armor
37:03 Wheelbarrow
37:59 Ballistics
LMB.TheDutchKing
7:14 Loom
9:26 Feudal Age
10:15 Double-Bit Axe
15:58 Bloodlines
24:27 Castle Age
23:04 Wheelbarrow
24:38 Forging
24:28 Scale Mail Armor
25:45 Gold Mining
26:07 Bow Saw
26:04 Squires
28:19 Chain Mail Armor
28:40 Iron Casting
29:38 Horse Collar
32:58 Scale Barding Armor
33:33 Iron Casting
35:43 Fletching
36:51 Bodkin Arrow
LMB. LouisLitt
5:27 Loom
10:29 Feudal Age
11:12 Double-Bit Axe
14:13 Fletching
18:30 Padded Archer Armor
23:23 Castle Age
24:02 Bodkin Arrow
23:31 Crossbowman
25:03 Leather Archer Armor
26:30 Gold Mining
26:51 Bow Saw
27:32 Ballistics
30:31 Squires
34:17 Thumb Ring
40:54 Imperial Age
39:43 Scale Mail Armor
Connection lost

Rejoining the realm…

Still unreachable

The connection could not be restored.

Session expired

The server has moved on; the page needs a fresh start.